 Dungeon Sprint DCSS version 0.27-a0-808-g60bc5d92e6 (webtiles) character file.

Game seed: 6923451538398576802

72799 mhtbhm the Hoplite (level 15, -7/116 HPs)
             Began as a Gargoyle Fighter on Mar 29, 2021.
             Was the Champion of Okawaru.
             Killed from afar by a hell knight (32 damage)
             ... with a bolt of fire
             ... led by Margery
             ... in the Dungeon (Sprint IX: "|||||||||||||||||||||||||||||").
             The game lasted 00:13:43 (4745 turns).

mhtbhm the Hoplite (Gargoyle Fighter)               Turns: 4745, Time: 00:13:44

Health: -7/116     AC: 38    Str: 37    XL:     15   Next: 41%
Magic:  16/16      EV: 13    Int:  8    God:    Okawaru [******]
Gold:   864        SH: 28    Dex: 18    Spells: 14/14 levels left

rFire    . . .     SeeInvis .   a - +8 demon whip "Duavymi" {elec, rElec Dex+5}
rCold    + . .     Faith    .   c - +0 tower shield {reflect}
rNeg     + . .     Spirit   .   b - +1 plate armour {rC+}
rPois    ∞         Reflect  +   p - +0 hat {Stlth+}
rElec    +         Harm     .   K - +1 cloak
rCorr    .         Rampage  .   L - +2 pair of gloves of the Everdark {Str+4 Dex+4}
Will     +....     NoTele   +   m - +0 pair of boots
Stlth    ..........             H - amulet of regeneration
HPRegen  1.29/turn              z - +6 ring of strength
MPRegen  0.15/turn              (no ring)

@: flying, hasted, very quick
A: AC +11, big wings, negative energy resistance 1, electricity resistance,
torment resistance 1, unbreathing 1, petrification resistance
a: Renounce Religion, Heroism, Finesse


You were in the Dungeon.
You worshipped Okawaru.
Okawaru was exalted by your worship.
You visited 1 branch You collected 1892 gold pieces.
You spent 1028 gold pieces at shops.

Inventory:

Hand Weapons
 a - the +8 demon whip "Duavymi" (weapon) {elec, rElec Dex+5}
   (Okawaru gifted it to you in the Dungeon)

   Occasionally, upon striking a foe, it can discharge electrical energy and
   cause terrible harm.
   It affects your dexterity (+5).
   It insulates you from electricity.
 v - a +2 vorpal morningstar
 w - a +0 morningstar of holy wrath
Missiles
 d - 12 javelins
 D - 13 poisoned darts
 E - 5 throwing nets
 F - 7 curare-tipped darts (quivered)
Armour
 b - a +1 plate armour of cold resistance (worn)
 c - a +0 tower shield of reflection (worn)
 m - a +0 pair of boots (worn)
 p - a +0 hat of stealth (worn)
 K - a +1 cloak (worn)
 L - the +2 pair of gloves of the Everdark (worn) {Str+4 Dex+4}
   (Okawaru gifted it to you in the Dungeon)

   It affects your strength (+4).
   It affects your dexterity (+4).
Jewellery
 z - a +6 ring of strength (left hand)
 H - an amulet of regeneration (around neck)
 I - a ring of protection from cold
 J - a ring of protection from cold
 N - a ring of positive energy
 O - a +2 ring of slaying
Wands
 l - a wand of acid (2)
 y - a wand of iceblast (12)
 G - a wand of polymorph (8)
Scrolls
 j - 2 scrolls of blinking
 k - 2 scrolls of amnesia
 r - a scroll of holy word
 s - 11 scrolls of enchant armour
 t - a scroll of fog
 u - 4 scrolls of fear
 A - 6 scrolls of identify
 B - 6 scrolls of enchant weapon
 C - a scroll of magic mapping
Potions
 e - 2 potions of curing
 f - 5 potions of heal wounds
 h - 4 potions of magic
 i - a potion of berserk rage
 n - 2 potions of might
 o - a potion of resistance
 q - 5 potions of mutation


   Skills:
 + Level 22.2 Fighting
 + Level 21.5 Maces & Flails
 + Level 17.4 Armour
 + Level 6.8 Dodging
 + Level 4.4 Stealth
 + Level 23.9 Shields
 + Level 1.6 Invocations
 + Level 4.0 Evocations


You had 14 spell levels left.
You didn't know any spells.
Your spell library was empty.

Dungeon Overview and Level Annotations

Branches:
Dungeon (1/1)

Altars:
Cheibriados
Dithmenos
Elyvilon
Fedhas
Gozag
Hepliaklqana
Kikubaaqudgha
Makhleb
Nemelex Xobeh
Okawaru
Qazlal
Ru
Sif Muna
Trog
Uskayaw
Vehumet
Wu Jian
Xom
Yredelemnul
Zin
The Shining One
Beogh
Jiyva
Lugonu

Shops:
D ?([(

Annotations:
D Margery


Innate Abilities, Weirdness & Mutations

Your stone body is resilient. (AC +11)
You are immune to poison.
Your large and strong wings let you fly.
You resist negative energy. (rN+)
You are resistant to electric shocks. (rElec)
You are resistant to unholy torment.
You can survive without breathing.
You are immune to petrification.


Message History

You whack the hell knight!
The hell knight is almost dead.
The hell knight casts a spell.
The hell knight seems to speed up.
A hell knight comes into view. It is wielding a +3 great mace.
You barely miss the hell knight.
The hell knight is almost dead.
You block the hell knight's attack.
Unknown command.
Unknown command.
You thrash the hell knight!!
You kill the hell knight!
Okawaru accepts your kill.
The hell knight gestures wildly while chanting.
The hell knight seems to speed up.
Your Evocations skill increases to level 4!
Unknown command.
You thrash the hell knight!!
Lightning courses through the hell knight!
The hell knight is heavily wounded.
You block the hell knight's attack.
The hell knight casts a spell.
The hell knight blinks!
You whack the hell knight!
The hell knight is severely wounded.
Margery gestures at you while chanting.
The fireball explodes!
The fireball engulfs the hell knight.
The hell knight completely resists.
The fireball engulfs you!!!
* * * LOW HITPOINT WARNING * * *
Unknown command.
Unknown command.
Blink to where?
Press: ? - help, Dir - move target
As you read the scroll of blinking, it crumbles to dust.
Okay, then.
You feel yourself speed up.
The hell knight's soul is no longer bound.
The hell knight points at you and mumbles some strange words.
The bolt of fire hits you!!
You die...

▓.▓.▓.▓.▓.▓.▓.▓.▓†
▓.▓.▓.▓.▓.▓.▓.▓.▓.
▓.▓.▓.▓.▓.▓.▓.▓.▓)
▓.▓.▓.▓.▓.▓)▓.▓.▓.
▓.▓.▓.▓.▓.▓[▓.▓.▓.
▓.▓.▓.▓.▓.▓†▓.▓)▓.
▓.▓.▓.▓.▓.▓)▓.▓)▓.
▓.▓.▓.▓.▓.▓'▓.▓)▓.
▓@▓.▓.▓.▓.▓.▓.▓)▓.
▓.▓.▓.▓.▓[▓)▓.▓)▓.
▓.▓.▓.▓.▓)▓)▓.▓)▓.
▓.▓.▓.▓.▓)▓)▓.▓.▓.
▓p▓.▓.▓)▓[▓)▓.▓.▓.
▓.▓.▓.▓)▓)▓.▓.▓.▓.
▓.▓.▓.▓.▓)▓)▓.▓.▓.
▓.▓.▓.▓[▓.▓)▓.▓.▓.
▓.▓[▓.▓'▓.▓.▓.▓.▓.


You could see a hell knight (fast).

Vanquished Creatures
  Nikola (D)
  Frances (D)
  A sphinx (D)
  A tengu reaver (D)
  2 fire giants (D)
  Aizul (D)
  A vault warden (D)
  2 ironbound preservers (D)
  2 very ugly things (D)
  3 stone giants (D)
  An entropy weaver (D)
  2 eleionomae (D)
  A merfolk impaler (D)
  2 ettins (D)
  A great orb of eyes (D)
  A yaktaur captain (D)
  2 ice dragons (D)
  2 ironbound thunderhulks (D)
  2 rakshasas (D)
  2 boulder beetles (D)
  A peacekeeper (D)
  A naga warrior (D)
  Harold (D)
  A merfolk aquamancer (D)
  2 hydras (D)
  2 ironbound frosthearts (D)
  4 ogre magi (D)
  A two-headed ogre (D)
  A merfolk avatar (D)
  A tengu warrior (D)
  2 naga sharpshooters (D)
  3 centaur warriors (D)
  A deep troll earth mage (D)
  3 deep troll shamans (D)
  Sonja (D)
  A shock serpent (D)
  A spriggan berserker (D)
  3 hell knights (D)
  A sea snake (D)
  2 deep trolls (D)
  A flayed ghost (D)
  2 swamp dragons (D)
  A spriggan druid (D)
  A necromancer (D)
  An orb spider (D)
  3 wizards (D)
  An ugly thing (D)
  A mana viper (D)
  2 deep elf pyromancers (D)
  A wolf spider (D)
  A manticore (D)
  A will-o-the-wisp (D)
  2 cyclopes (D)
  2 black mambas (D)
  Maurice (D)
  5 vault sentinels (D)
  2 cane toads (D)
  2 naga magi (D)
  A komodo dragon (D)
  Psyche (D)
  A rime drake (D)
  A tengu conjurer (D)
  A demonic crawler (D)
  A polar bear (D)
  A merfolk (D)
  2 meliai (D)
  2 jumping spiders (D)
  5 trolls (D)
  A hornet (D)
  A wind drake (D)
  A slime creature (D)
  2 tyrant leeches (D)
  A snapping turtle (D)
  A dream sheep (D)
  A blink frog (D)
  2 tarantellas (D)
  2 wyverns (D)
  2 redbacks (D)
  A spriggan (D)
  A basilisk (D)
  A water elemental (D)
  2 yaks (D)
  Grum (D)
  2 vampire mosquitoes (D)
  3 wargs (D)
  A naga (D)
  A water moccasin (D)
  2 hell hounds (D)
  11 orc warriors (D)
  A black bear (D)
  7 wolves (D)
  A centaur (D)
  A kobold brigand (D)
  3 bullfrogs (D)
  A gnoll sergeant (D)
  A jelly (D)
  3 orc priests (D)
  7 orc wizards (D)
  An adder (D)
  An adder skeleton (D)
  8 orcs (D)
  A ball python (D)
  A hobgoblin (D)
  A jackal (D)
  A frilled lizard (D)
  A rat (D)
190 creatures vanquished.

Vanquished Creatures (others)
  A cyclops (D)
  A bloated husk (D)
  11 foxfires (D)
13 creatures vanquished.

Grand Total: 203 creatures vanquished

Notes
Turn   | Place    | Note
-------+----------+-------------------------------------------
     0 | D        | mhtbhm the Gargoyle Fighter began the quest for the Orb.
     0 | D        | Reached XP level 1. HP: 14/14 MP: 1/1
   104 | D        | Noticed an orc wizard
   104 | D        | Noticed a jelly
   107 | D        | Killed a jelly
   108 | D        | Reached skill level 5 in Fighting
   108 | D        | Reached skill level 4 in Shields
   108 | D        | Reached XP level 2. HP: 21/21 MP: 2/2
   108 | D        | Reached XP level 3. HP: 26/26 MP: 3/3
   111 | D        | Reached skill level 5 in Shields
   114 | D        | Reached skill level 5 in Armour
   120 | D        | Reached skill level 1 in Dodging
   120 | D        | Reached XP level 4. HP: 31/32 MP: 4/4
   125 | D        | Found a snail-covered altar of Cheibriados.
   125 | D        | Found a shadowy altar of Dithmenos.
   125 | D        | Found a white marble altar of Elyvilon.
   125 | D        | Found a blossoming altar of Fedhas.
   125 | D        | Found an opulent altar of Gozag.
   126 | D        | Found a hazy altar of Hepliaklqana.
   127 | D        | Found a viscous altar of Jiyva.
   128 | D        | Found an ancient bone altar of Kikubaaqudgha.
   129 | D        | Found a corrupted altar of Lugonu.
   130 | D        | Found a burning altar of Makhleb.
   131 | D        | Found a sparkling altar of Nemelex Xobeh.
   132 | D        | Found an iron altar of Okawaru.
   133 | D        | Found a stormy altar of Qazlal.
   134 | D        | Found a sacrificial altar of Ru.
   135 | D        | Found a shimmering blue altar of Sif Muna.
   136 | D        | Found a bloodstained altar of Trog.
   137 | D        | Found a hide-covered altar of Uskayaw.
   138 | D        | Found a radiant altar of Vehumet.
   139 | D        | Found an ornate altar of the Wu Jian Council.
   140 | D        | Became a worshipper of Warmaster Okawaru
   141 | D        | Found a shimmering altar of Xom.
   142 | D        | Found a basalt altar of Yredelemnul.
   143 | D        | Found a glowing silver altar of Zin.
   144 | D        | Found a glowing golden altar of the Shining One.
   208 | D        | Noticed a vampire mosquito
   208 | D        | Noticed a kobold brigand
   208 | D        | Noticed an orc warrior
   208 | D        | Noticed a two-headed ogre
   208 | D        | Noticed a yak
   214 | D        | Killed a yak
   214 | D        | Reached * piety under Okawaru
   215 | D        | Reached skill level 5 in Maces & Flails
   215 | D        | Reached skill level 7 in Shields
   215 | D        | Reached XP level 5. HP: 11/38 MP: 5/5
   221 | D        | Killed a kobold brigand
   221 | D        | Killed a vampire mosquito
   222 | D        | Reached skill level 8 in Shields
   222 | D        | Reached XP level 6. HP: 9/44 MP: 6/6
   224 | D        | HP: 2/44 [two-headed ogre/+0 giant club (7)]
   225 | D        | Killed a two-headed ogre
   225 | D        | Reached ** piety under Okawaru
   225 | D        | Reached *** piety under Okawaru
   225 | D        | Reached **** piety under Okawaru
   226 | D        | Reached skill level 10 in Shields
   226 | D        | Reached XP level 7. HP: 3/51 MP: 7/7
   226 | D        | Reached XP level 8. HP: 3/56 MP: 8/8
   227 | D        | Received a gift from Okawaru
   247 | D        | Noticed a meliai
   247 | D        | Noticed a cyclops
   247 | D        | Noticed a cyclops
   258 | D        | Killed a cyclops
   259 | D        | Reached skill level 10 in Fighting
   259 | D        | Reached skill level 10 in Maces & Flails
   259 | D        | Reached skill level 10 in Armour
   259 | D        | Reached skill level 1 in Evocations
   265 | D        | Reached skill level 11 in Shields
   265 | D        | Reached XP level 9. HP: 32/63 MP: 9/9
   267 | D        | Killed a cyclops
   268 | D        | Reached skill level 1 in Stealth
   268 | D        | Killed a meliai
   565 | D        | Noticed a cane toad
   565 | D        | Noticed a komodo dragon
   565 | D        | Noticed a black mamba
   571 | D        | Killed a black mamba
   580 | D        | Killed a komodo dragon
   580 | D        | Reached ***** piety under Okawaru
   581 | D        | Reached skill level 12 in Shields
   590 | D        | Killed a cane toad
   591 | D        | Reached XP level 10. HP: 51/69 MP: 10/10
   604 | D        | Received a gift from Okawaru
   605 | D        | Found the +7 mace of Variability {chain chaos}
   680 | D        | Noticed a five-headed hydra
   685 | D        | Noticed a cane toad
   686 | D        | Killed a five-headed hydra
   691 | D        | Reached skill level 13 in Shields
   703 | D        | Killed a cane toad
   705 | D        | Identified the +4 flail "Foebotis" {pain, Str+7 SInv}
                  | (Okawaru gifted it to you in the Dungeon)
   705 | D        | Received a gift from Okawaru
   926 | D        | Reached skill level 5 in Dodging
   926 | D        | Reached XP level 11. HP: 51/76 MP: 11/11
  1099 | D        | Noticed Psyche
  1106 | D        | Killed Psyche
  1107 | D        | Reached skill level 15 in Maces & Flails
  1115 | D        | Noticed Maurice
  1130 | D        | Killed Maurice
  1395 | D        | Reached skill level 14 in Shields
  1427 | D        | Reached ****** piety under Okawaru
  1617 | D        | Found Kavu's Weapon Boutique.
  1617 | D        | Noticed a deep troll
  1617 | D        | Noticed an ettin
  1617 | D        | Noticed a deep troll
  1617 | D        | Noticed an ogre mage
  1619 | D        | Noticed an ogre mage
  1622 | D        | Killed an ogre mage
  1622 | D        | Received a gift from Okawaru
  1627 | D        | Noticed an ogre mage
  1633 | D        | Killed a deep troll
  1948 | D        | Killed an ettin
  2183 | D        | Reached skill level 15 in Shields
  2278 | D        | Killed a deep troll
  2278 | D        | Identified the +8 demon whip "Duavymi" {elec, rElec Dex+5}
                  | (Okawaru gifted it to you in the Dungeon)
  2278 | D        | Received a gift from Okawaru
  2575 | D        | Killed an ogre mage
  2601 | D        | Killed an ogre mage
  2604 | D        | Found Koutze Nenlo's Antique Armour Shop.
  2608 | D        | Found Wifoshaz's Weapon Boutique.
  2612 | D        | Found Riqivog's Magic Scroll Shop.
  2614 | D        | Noticed an ogre mage
  2615 | D        | Noticed a stone giant
  2627 | D        | Killed a stone giant
  2627 | D        | Received a gift from Okawaru
  2628 | D        | Reached XP level 12. HP: 55/85 MP: 12/12
  2631 | D        | Killed an ogre mage
  2632 | D        | Reached skill level 16 in Shields
  2708 | D        | Bought a pair of embroidered gloves for 210 gold pieces
  2714 | D        | Bought a scorched scale mail for 252 gold pieces
  2714 | D        | Identified the +1 scale mail of Truth {+Fly rF+ Stlth-}
                  | (You bought it in a shop in the Dungeon)
  2723 | D        | Bought a scroll of enchant armour for 90 gold pieces
  2723 | D        | Bought a scroll of identify for 24 gold pieces
  2723 | D        | Bought a scroll of enchant weapon for 90 gold pieces
  2723 | D        | Bought a scroll of fear for 42 gold pieces
  2723 | D        | Bought a scroll of identify for 24 gold pieces
  2723 | D        | Bought a scroll of enchant weapon for 90 gold pieces
  2723 | D        | Bought a scroll of magic mapping for 42 gold pieces
  2729 | D        | Bought 13 poisoned darts for 62 gold pieces
  2733 | D        | Bought a throwing net for 30 gold pieces
  2735 | D        | Bought a scroll of identify for 24 gold pieces
  2735 | D        | Bought a scroll of identify for 24 gold pieces
  2735 | D        | Bought a scroll of identify for 24 gold pieces
  2797 | D        | Noticed Grum
  2808 | D        | Killed Grum
  2839 | D        | Noticed Sonja
  2844 | D        | Killed Sonja
  2898 | D        | Found the +8 Vampire's Tooth {vamp}
  3014 | D        | Noticed a centaur warrior
  3014 | D        | Noticed a tengu warrior
  3018 | D        | Killed a tengu warrior
  3019 | D        | Noticed a centaur warrior
  3027 | D        | Noticed a boulder beetle
  3028 | D        | Noticed a fire giant
  3030 | D        | Killed a centaur warrior
  3030 | D        | Received a gift from Okawaru
  3031 | D        | Reached skill level 15 in Fighting
  3041 | D        | Noticed a deep troll shaman
  3042 | D        | Reached skill level 17 in Shields
  3042 | D        | Noticed an ettin
  3045 | D        | Killed a centaur warrior
  3048 | D        | Noticed a stone giant
  3053 | D        | Killed a fire giant
  3054 | D        | Reached skill level 15 in Armour
  3055 | D        | Killed a deep troll shaman
  3058 | D        | Killed an ettin
  3074 | D        | Killed a stone giant
  3075 | D        | Reached XP level 13. HP: 62/94 MP: 11/13
  3077 | D        | Received a gift from Okawaru
  3295 | D        | Noticed Aizul
  3312 | D        | Killed Aizul
  3313 | D        | Reached skill level 18 in Shields
  3363 | D        | Noticed an eleionoma
  3370 | D        | Noticed an eleionoma
  3378 | D        | Killed an eleionoma
  3399 | D        | Killed an eleionoma
  3403 | D        | Reached skill level 1 in Invocations
  3410 | D        | Identified the +5 fustibalus of Conservatism {speed,
                  | Stlth+} (Okawaru gifted it to you in the Dungeon)
  3410 | D        | Received a gift from Okawaru
  3415 | D        | Reached skill level 19 in Shields
  3517 | D        | Noticed a naga warrior
  3541 | D        | Killed a naga warrior
  3556 | D        | Reached skill level 20 in Shields
  3675 | D        | Noticed a merfolk impaler
  3697 | D        | Identified the +1 kite shield of Katy {Int+2 Dex+8 Stlth+}
                  | (Okawaru gifted it to you in the Dungeon)
  3697 | D        | Received a gift from Okawaru
  3698 | D        | Gained mutation: Your large and strong wings let you fly.
                  | [Gargoyle growth]
  3698 | D        | Reached XP level 14. HP: 104/104 MP: 14/14
  3779 | D        | Noticed Frances
  3793 | D        | Killed Frances
  3794 | D        | Reached skill level 21 in Shields
  3815 | D        | Noticed Harold
  3826 | D        | Killed Harold
  3911 | D        | Noticed a fire giant
  3911 | D        | Noticed a white very ugly thing
  3921 | D        | Noticed a tengu reaver
  3922 | D        | Killed a white very ugly thing
  3931 | D        | Noticed a sphinx
  3945 | D        | Killed a fire giant
  3964 | D        | Killed a tengu reaver
  3969 | D        | Reached skill level 22 in Shields
  3973 | D        | Killed a sphinx
  3975 | D        | Noticed a stone giant
  4001 | D        | Killed a stone giant
  4001 | D        | Received a gift from Okawaru
  4010 | D        | Noticed a cyan very ugly thing
  4035 | D        | Killed a cyan very ugly thing
  4042 | D        | Noticed an ironbound preserver
  4062 | D        | Noticed an entropy weaver
  4067 | D        | Killed an ironbound preserver
  4074 | D        | Reached skill level 23 in Shields
  4085 | D        | Reached XP level 15. HP: 54/115 MP: 15/15
  4201 | D        | Noticed a vault warden
  4230 | D        | Killed a vault warden
  4428 | D        | Noticed Nikola
  4442 | D        | Killed Nikola
  4442 | D        | Identified the +2 pair of gloves of the Everdark {Str+4
                  | Dex+4} (Okawaru gifted it to you in the Dungeon)
  4442 | D        | Received a gift from Okawaru
  4718 | D        | Noticed Margery
  4745 | D        | Killed from afar by a hell knight

Illustrated notes

Levels and vault maps discovered:
D:        linesprint [early_d, line_temple, items_1, d_10, items_2, lair_1,
          lair_end, items_3, orc_1, orc_end, items_4, d_15, swamp_1, shoals_1,
          snake_1, spider_1, d_20, vaults_1, items_5, swamp_end, shoals_end,
          snake_end, spider_end, vaults_end, d_27, items_6, zot_1, zot_end,
          crypt_end, forest_end, elf_end, slime_end, tomb_end, abyss_end,
          pan_hell_end]

Skill      XL: |  1  2  3  4  5  6  7  8  9 10 11 12 13 14 15 |
---------------+----------------------------------------------+-----
Fighting       | 5 7 8 9 10 11 12 14 16 18 21 22 | 22.2
Armour         | 4 5 7 8 9 10 11 12 13 15 16 17 | 17.4
Shields        | 4 5 7 8 10 11 12 13 15 17 20 23 | 23.9
Maces & Flails | 3 5 7 9 10 12 14 16 17 18 20 21 | 21.5
Dodging        | 1 2 3 4 5 6 |  6.8
Evocations     | 1 2 3 4 |  4.0
Stealth        | 3 4 |  4.4
Invocations    | 1 |  1.6

Action                   |  1- 3 |  4- 6 |  7- 9 | 10-12 | 13-15 || total
-------------------------+-------+-------+-------+-------+-------++-------
Melee: Flail             |    32 |       |       |   185 |       ||   217
       Morningstar       |       |    13 |    41 |    44 |       ||    98
       Demon whip        |       |       |       |    99 |   430 ||   529
Invok: Heroism           |       |       |       |     1 |     1 ||     2
Evoke: Wand              |       |     2 |     2 |     3 |     1 ||     8
  Use: Potion            |     1 |     2 |     6 |     3 |     4 ||    16
       Scroll            |       |       |       |     1 |     3 ||     4
 Stab: Invisible         |       |       |     2 |       |       ||     2
Armor: Scale mail        |    17 |       |       |     2 |       ||    19
       Chain mail        |       |     3 |    22 |    39 |       ||    64
       Plate armour      |       |       |       |    44 |   107 ||   151
Dodge: Dodged            |    11 |     9 |    14 |    62 |    63 ||   159
Block: Kite shield       |    13 |    13 |    26 |   123 |    89 ||   264
       Tower shield      |       |       |       |    33 |   145 ||   178

Table legend: (Time is in decaauts)
 A = Elapsed time spent in this place.
 B = Non-inter-level travel time spent in this place.
 C = Inter-level travel time spent in this place.
 D = Time resting spent in this place.
 E = Time spent auto-exploring this place.
 F = Levels seen in this place.
 G = Mean time per level.
                   A        B        C        D        E       F      G
               +--------+--------+--------+--------+--------+-----+--------+
         Total |   4491 |   4491 |      0 |   1375 |   1083 |   1 | 4491.0 |
       Dungeon |   4491 |   4491 |      0 |   1375 |   1083 |   1 | 4491.0 |
               +--------+--------+--------+--------+--------+-----+--------+

Top non-repeatable levels by time:
       D: 4491 daAuts
